 Dungeon Crawl Stone Soup version 0.31.0-9-g3a7656b989 (webtiles) character file.

Game seed: 13388983685945833265

13011 qw the Nimble (level 11, 0/55 HPs)
             Began as a Spriggan Hunter on Feb 2, 2024.
             Was a High Priest of Okawaru.
             Succumbed to a black mamba's poison
             ... on level 1 of the Lair of Beasts.
             The game lasted 00:01:04 (10164 turns).

qw the Nimble (Spriggan Hunter)                    Turns: 10164, Time: 00:01:04

Health: 0/55       AC:  4    Str:  7    XL:     11   Next: 70%
Magic:  15/19      EV: 33    Int: 10    God:    Okawaru [*****.]
Gold:   1476       SH:  0    Dex: 30    Spells: 10/10 levels left

rFire   . . .        g - +1 orcbow (flame)
rCold   + . .        (shield currently unavailable)
rNeg    . . .        j - +1 troll leather armour
rPois   .            (helmet restricted)
rElec   .            (no cloak)
rCorr   .            (gloves unavailable)
SInv    +            (boots unavailable)
Will    +....        (no amulet)
Stlth   +++          h - ring of protection from cold
HPRegen 1.09/turn    i - +6 ring of dexterity
MPRegen 0.16/turn

%: no passive effects
@: lethally poisoned (0 -> -1), about to teleport, finesse-ful, very quick
A: very small, no large weapons, unfitting armour, see invisible, speed 3
a: Renounce Religion, Heroism, Finesse, Duel


You were on level 1 of the Lair of Beasts.
You worshipped Okawaru.
Okawaru was extremely pleased with you.
You visited 3 branches of the dungeon, and saw 12 of its levels.
You also visited: Sewer.

You collected 1476 gold pieces.


Innate Abilities, Weirdness & Mutations

You are very small and have problems with some larger weapons.
You are too small for most types of armour.
You have supernaturally acute eyesight. (SInv)
You cover ground extremely quickly. (Speed+++)


   Skills:
 - Level 5.0 Fighting
 - Level 12.0 Ranged Weapons
 - Level 1.0 Armour
 + Level 13.4 Dodging
 - Level 1.5 Stealth
 + Level 9.7 Invocations


You had 10 spell levels left.
You didn't know any spells.
Your spell library was empty.

Inventory:

Hand Weapons
 g - a +1 orcbow of flaming (weapon)
Armour
 j - a +1 troll leather armour (worn)
Jewellery
 h - a ring of protection from cold (left hand)
 i - a +6 ring of dexterity (right hand)
 m - a +6 ring of strength
Wands
 b - a wand of roots (3)
 k - a wand of mindburst (7)
 l - a wand of polymorph (11)
Scrolls
 d - 2 scrolls of identify
Potions
 e - a potion of cancellation
 f - a potion of enlightenment
 n - 3 potions of curing
 o - a potion of heal wounds
 q - a potion of mutation

Dungeon Overview and Level Annotations

Branches:
Dungeon (10/15)            Temple (1/1) D:5            Lair (1/5) D:10
    Orc (0/2) D:10          Sewer (visited)

Altars:
Ashenzari
Cheibriados
Dithmenos
Elyvilon
Fedhas
Gozag
Hepliaklqana
Kikubaaqudgha
Makhleb
Nemelex Xobeh
Okawaru
Qazlal
Ru
Sif Muna
Trog
Uskayaw
Vehumet
Wu Jian
Xom
Yredelemnul
Zin
The Shining One

Annotations:
D:9 1 runed translucent door
D:10 1 runed translucent door, qw's ghost, novice SpHu


Message History

The fire bat misses you. The black mamba barely misses you.
The fire bat completely misses you.
You shoot an arrow. The arrow closely misses the fire bat.
The arrow barely misses the fire bat.
The arrow hits the fire elemental!
The fire elemental is moderately damaged.
The black mamba bites you!
You are poisoned.
The black mamba poisons you! The fire bat completely misses you.
You shoot an arrow. The arrow closely misses the fire bat.
The arrow hits the fire bat!
The fire bat is almost dead.
You feel sick. The fire bat misses you. The black mamba misses you.
You shoot an arrow. The arrow misses the fire bat. x2
You feel sick. The black mamba completely misses you.
The fire bat barely misses you.
You shoot an arrow. The arrow hits the fire bat.
The fire bat is almost dead.
You feel sick. The fire bat completely misses you.
The black mamba closely misses you.
You shoot an arrow. The arrow misses the fire bat.
The arrow completely misses the fire bat.
You feel sick. The fire bat closely misses you.
The black mamba completely misses you.
You shoot an arrow. The arrow hits the fire bat!
You kill the fire bat!
Okawaru accepts your kill.
You feel sick. The fire bat closely misses you. The black mamba misses you.
You shoot an arrow. The arrow barely misses the fire bat.
The arrow hits the fire bat!!
The fire bat is almost dead.
You feel sick. The fire bat bites you.
You are engulfed in flames!
You shoot an arrow.
The arrow closely misses the fire bat. x2
You feel sick. The fire bat misses you. The black mamba completely misses you.
You shoot an arrow. The arrow misses the black mamba.
The black mamba bites you!
The fire bat bites you but does no damage.
10164 ||| READING scroll of teleportation.
As you read the scroll of teleportation, it crumbles to dust.
You feel strangely unstable.
You die...

.............................#
.............................#
#...##^P......>.......#+.##..#
#......)#.............#....#.#
#..#....#...#.###P....#......#
#..#....#...### ##....#....#.#
#.......#...## #.....####..#
...#.........#####E..........#
#..#....#......S@bb.#.#.#....#
#.......#....#.###:.#....#...#
#............### #0.#........#
#.......#....# #..#....#...#
#.......#.....# ##..#....+...#
#..#.+#......## #.(.#....#...#
#.......¤¤...# ##%..........#
%.....~¤~~¤~.# #..#....#...#
~~~¤¤.~¤~~¤¤.# #.......#...#


You could see a black mamba, a fire elemental and 2 fire bats.

Vanquished Creatures
  A death yak (D:10)
  3 two-headed ogres
  Joseph (D:7)
  An elephant (D:10)
  2 komodo dragons (Lair:1)
  A troll (D:9)
  2 hornets (D:10)
  7 blink frogs
  A shadow (D:10)
  5 yaks
  A vampire (D:9)
  A wraith (D:7)
  2 basilisks (D:10)
  7 fire bats (Lair:1)
  3 steam dragons (D:8)
  4 water moccasins
  An orc warrior (D:7)
  A sky beast (D:7)
  An ice beast (D:7)
  7 wolves
  2 ogres
  3 centaurs
  2 kobold brigands
  2 brain worms (Sewer)
  2 gnoll sergeants (D:6)
  5 bullfrogs
  A scorpion (D:4)
  A killer bee (D:8)
  5 howler monkeys
  A bombardier beetle (D:7)
  5 electric eels (D:8)
  3 lava snakes (Lair:1)
  9 hounds (D:6)
  7 jellies
  3 orc priests
  4 gnoll boudas
  2 sleepcaps
  Ijyb (D:3)
  4 iguanas
  9 orc wizards
  28 gnolls
  16 adders
  6 river rats
  A shadow imp (D:5)
  A white imp (D:7)
  2 ufetubi (D:7)
  3 dart slugs
  2 ribbon worms (D:2)
  32 orcs
  6 endoplasms
  3 giant cockroaches
  3 goblins
  5 hobgoblins
  7 jackals
  8 kobolds
  3 quokkas
  15 ball pythons
  3 bats
  5 frilled lizards
  8 rats
280 creatures vanquished.

Vanquished Creatures (others)
  A blink frog (Lair:1)
1 creature vanquished.

Grand Total: 281 creatures vanquished

Notes
Turn   | Place    | Note
-------+----------+-------------------------------------------
     0 | D:1      | qw the Spriggan Hunter began the quest for the Orb.
     0 | D:1      | Reached XP level 1. HP: 10/10 MP: 2/2
     0 | D:1      | 0 ||| qw: Version: 0.3-a-155-g5e7d8dd
     0 | D:1      | 0 ||| qw: Game counter: 270
     0 | D:1      | 0 ||| qw: Melee chars always use a shield: true
     0 | D:1      | 0 ||| qw: God list: Okawaru
     0 | D:1      | 0 ||| qw: Allow faded altars: false
     0 | D:1      | 0 ||| qw: Do Orc after clearing Dungeon:15 true
     0 | D:1      | 0 ||| qw: Do second Lair branch before Depths: true
     0 | D:1      | 0 ||| qw: Lair rune preference: random
     0 | D:1      | 0 ||| qw: Goals: Normal
     0 | D:1      | 0 ||| PLANNING D:1-11
   235 | D:1      | Reached skill level 3 in Dodging
   487 | D:1      | Reached XP level 2. HP: 14/14 MP: 3/3
   835 | D:1      | 835 ||| DROPPING amulet of magic regeneration.
   836 | D:1      | 836 ||| DROPPING ring of wizardry.
   837 | D:1      | 837 ||| READING scroll labelled DUTEWN CENIHYI.
   838 | D:1      | 838 ||| READING scroll labelled DYLE UKHEULE.
   838 | D:1      | Identified a scroll of acquirement
   838 | D:1      | 838 ||| ACQUIRING 819 gold pieces
   838 | D:1      | Acquired 819 gold pieces
   840 | D:1      | 840 ||| READING scroll labelled FELLOZ RESINAB.
   841 | D:1      | 841 ||| DROPPING scroll of butterflies.
   901 | D:2      | Reached skill level 4 in Dodging
  1008 | D:2      | Reached XP level 3. HP: 18/18 MP: 4/4
  1062 | D:2      | Found a faded altar of an unknown god.
  1565 | D:2      | 1565 ||| UPGRADING to ring of protection from cold.
  1566 | D:2      | 1566 ||| UPGRADING to +6 ring of dexterity.
  1567 | D:2      | 1567 ||| READING scroll labelled LOUTYA KELAODD.
  1567 | D:2      | 1567 ||| IDENTIFYING glowing clear potion
  1568 | D:2      | 1568 ||| DRINKING 2 clear potions.
  1569 | D:2      | 1569 ||| DROPPING potion of degeneration.
  1616 | D:3      | 1616 ||| PLANNING SEWER
  1816 | D:3      | Reached XP level 4. HP: 21/22 MP: 5/5
  1878 | D:3      | Found a glowing drain.
  1880 | D:3      | 1880 ||| READING scroll labelled CAURUR QOAF.
  1880 | D:3      | 1880 ||| ENCHANTING +0 shortbow.
  1886 | D:3      | 1886 ||| READING scroll labelled XINNOT QOOFFIO.
  1998 | D:3      | HP: 2/22 [river rat (6)]
  2091 | Sewer    | Entered a sewer
  2147 | Sewer    | Reached skill level 5 in Dodging
  2178 | Sewer    | Noticed a brain worm
  2179 | Sewer    | 2179 ||| DRINKING potion of haste.
  2184 | Sewer    | Killed a brain worm
  2185 | Sewer    | Reached XP level 5. HP: 22/28 MP: 4/6
  2359 | Sewer    | Reached skill level 6 in Dodging
  2364 | Sewer    | Reached XP level 6. HP: 32/32 MP: 7/7
  2433 | Sewer    | 2433 ||| READING scroll labelled OJETOA ASORCHIMN.
  2434 | Sewer    | 2434 ||| READING scroll labelled BATEONOKHLASH.
  2435 | Sewer    | 2435 ||| READING 2 scrolls labelled YKHLATH COIGIN.
  2439 | Sewer    | 2439 ||| READING scroll labelled VAIC CAORCHUSK.
  2439 | Sewer    | 2439 ||| ENCHANTING +1 shortbow.
  2440 | Sewer    | 2440 ||| READING scroll labelled KEAPAHIOKK.
  2448 | D:3      | 2448 ||| PLANNING D:1-11
  2463 | D:3      | Noticed Ijyb
  2470 | D:3      | HP: 4/32 [constriction (5)]
  2471 | D:3      | 2471 ||| READING scroll of teleportation.
  2474 | D:3      | Killed Ijyb
  2868 | D:3      | Reached skill level 6 in Ranged Weapons
  3116 | D:3      | 3116 ||| UPGRADING to +0 acid dragon scales.
  3126 | D:3      | 3126 ||| DROPPING +0 robe.
  3172 | D:4      | 3172 ||| STAIRDANCE
  3263 | D:4      | Reached XP level 7. HP: 15/35 MP: 8/8
  3590 | D:4      | Found a stormy altar of Qazlal.
  3654 | D:4      | 3654 ||| DRINKING purple potion.
  3659 | D:4      | 3659 ||| DRINKING viscous inky potion.
  3660 | D:4      | 3660 ||| DRINKING viscous dark potion.
  3661 | D:4      | 3661 ||| DRINKING fuming clear potion.
  3662 | D:4      | 3662 ||| DRINKING red potion.
  3663 | D:4      | 3663 ||| DRINKING fuming brown potion.
  3664 | D:4      | 3664 ||| DRINKING 2 bubbling golden potions.
  3665 | D:4      | 3665 ||| DRINKING potion of haste.
  3872 | D:4      | 3872 ||| READING scroll of identify.
  3872 | D:4      | 3872 ||| IDENTIFYING cyan potion
  3873 | D:4      | 3873 ||| READING scroll labelled CEHOEC ORCH.
  3874 | D:4      | 3874 ||| DRINKING 2 puce potions.
  3876 | D:4      | 3876 ||| Stepping ~*~*~tactically~*~*~ (cloud).
  3981 | D:5      | Entered Level 5 of the Dungeon
  4049 | D:5      | Found a staircase to the Ecumenical Temple.
  4050 | D:5      | 4050 ||| PLANNING TEMPLE
  4055 | Temple   | Entered the Ecumenical Temple
  4056 | Temple   | 4056 ||| PLANNING OKAWARU WORSHIP
  4070 | Temple   | Became a worshipper of Warmaster Okawaru
  4071 | Temple   | 4071 ||| PLANNING D:1-11
  4231 | D:5      | Reached skill level 7 in Dodging
  4680 | D:5      | Found an opulent altar of Gozag.
  4681 | D:5      | Found a sparkling altar of Nemelex Xobeh.
  4799 | D:5      | Found a bloodstained altar of Trog.
  4881 | D:5      | Reached * piety under Okawaru
  4882 | D:5      | Reached XP level 8. HP: 26/39 MP: 9/9
  5109 | D:5      | 5109 ||| DROPPING scarf of harm.
  5110 | D:5      | 5110 ||| READING 2 scrolls of identify.
  5110 | D:5      | 5110 ||| IDENTIFYING scroll labelled FOENWO QITHIGE
  5111 | D:5      | 5111 ||| READING scroll of identify.
  5111 | D:5      | 5111 ||| IDENTIFYING scroll labelled REFRYTA ZIYSAH
  5112 | D:5      | 5112 ||| DROPPING scroll of revelation.
  5113 | D:5      | 5113 ||| DROPPING scroll of torment.
  5232 | D:6      | Reached skill level 1 in Invocations
  5299 | D:6      | 5299 ||| RETREEEEATING.
  5300 | D:6      | 5300 ||| RETREEEEATING.
  5301 | D:6      | 5301 ||| RETREEEEATING.
  5302 | D:6      | 5302 ||| RETREEEEATING.
  5313 | D:6      | Reached skill level 8 in Dodging
  5327 | D:6      | HP: 9/39 [gnoll sergeant/+0 spear (2)]
  5328 | D:6      | 5328 ||| DRINKING potion of heal wounds.
  5331 | D:6      | Reached skill level 3 in Fighting
  5374 | D:6      | Reached skill level 3 in Invocations
  5444 | D:6      | Reached skill level 1 in Armour
  5481 | D:6      | Noticed a two-headed ogre
  5482 | D:6      | 5482 ||| INVOKING Heroism.
  5490 | D:6      | Killed a two-headed ogre
  5491 | D:6      | Reached skill level 9 in Dodging
  5491 | D:6      | Reached XP level 9. HP: 44/44 MP: 9/13
  5518 | D:6      | 5518 ||| READING scroll of enchant weapon.
  5518 | D:6      | 5518 ||| ENCHANTING +1 shortbow.
  5790 | D:6      | 5790 ||| READING scroll of enchant weapon.
  5790 | D:6      | 5790 ||| ENCHANTING +2 shortbow.
  5842 | D:6      | Reached skill level 9 in Ranged Weapons
  5853 | D:6      | Reached ** piety under Okawaru
  5946 | D:6      | Reached skill level 10 in Dodging
  6056 | D:6      | 6056 ||| READING 2 scrolls of identify.
  6056 | D:6      | 6056 ||| IDENTIFYING viscous grey potion
  6057 | D:6      | 6057 ||| READING scroll of identify.
  6057 | D:6      | 6057 ||| IDENTIFYING glowing green potion
  6058 | D:6      | 6058 ||| DROPPING potion of brilliance.
  6126 | D:7      | Found a blossoming altar of Fedhas.
  6176 | D:7      | 6176 ||| RETREEEEATING.
  6178 | D:7      | 6178 ||| RETREEEEATING.
  6179 | D:7      | 6179 ||| RETREEEEATING.
  6180 | D:7      | 6180 ||| RETREEEEATING.
  6184 | D:7      | 6184 ||| RETREEEEATING.
  6396 | D:7      | Noticed Joseph
  6397 | D:7      | 6397 ||| INVOKING Heroism.
  6420 | D:7      | Killed Joseph
  6420 | D:7      | Reached *** piety under Okawaru
  6690 | D:7      | Reached skill level 11 in Dodging
  6965 | D:8      | Found a burning altar of Makhleb.
  6967 | D:8      | 6967 ||| STAIRDANCE
  6974 | D:8      | 6974 ||| STAIRDANCE
  6980 | D:8      | 6980 ||| STAIRDANCE
  6984 | D:7      | Reached XP level 10. HP: 48/50 MP: 14/14
  6999 | D:8      | 6999 ||| RETREEEEATING.
  7000 | D:8      | 7000 ||| RETREEEEATING.
  7095 | D:8      | 7095 ||| Stepping ~*~*~tactically~*~*~ (cloud).
  7096 | D:8      | 7096 ||| Stepping ~*~*~tactically~*~*~ (cloud).
  7102 | D:8      | Reached **** piety under Okawaru
  7340 | D:8      | 7340 ||| SWAPPING to +0 orcbow of flaming.
  7341 | D:8      | 7341 ||| DROPPING +3 shortbow.
  7401 | D:8      | Noticed an angel
  7402 | D:8      | Found a glowing silver altar of Zin.
  7463 | D:8      | 7463 ||| Stepping ~*~*~tactically~*~*~ (cloud).
  7895 | D:8      | 7895 ||| READING 2 scrolls of identify.
  7895 | D:8      | 7895 ||| IDENTIFYING scroll labelled TOWE KEM XUMA
  7896 | D:8      | 7896 ||| DROPPING scroll of vulnerability.
  7936 | D:9      | Found Zadehok's Changing Room.
  8362 | D:9      | Noticed a two-headed ogre
  8370 | D:9      | Found a runed translucent door.
  8370 | D:9      | Noticed a centaur warrior
  8412 | D:9      | Reached skill level 6 in Invocations
  8416 | D:9      | Reached skill level 12 in Dodging
  8698 | D:9      | 8698 ||| UPGRADING to +0 troll leather armour.
  8708 | D:9      | 8708 ||| DROPPING +0 acid dragon scales.
  8739 | D:10     | Entered Level 10 of the Dungeon
  8745 | D:10     | Found a runed translucent door.
  8749 | D:10     | Noticed qw's ghost (novice SpHu)
  8753 | D:10     | 8753 ||| RETREEEEATING.
  8755 | D:10     | 8755 ||| RETREEEEATING.
  8757 | D:10     | 8757 ||| RETREEEEATING.
  8760 | D:10     | 8760 ||| RETREEEEATING.
  8766 | D:10     | 8766 ||| RETREEEEATING.
  8769 | D:10     | 8769 ||| RETREEEEATING.
  8779 | D:10     | Reached ***** piety under Okawaru
  8793 | D:10     | Identified the +4 dagger "Tenad" {distort, rF+}
  8891 | D:10     | 8891 ||| READING scroll of enchant armour.
  8891 | D:10     | 8891 ||| ENCHANTING +0 troll leather armour.
  8905 | D:10     | Found a white marble altar of Elyvilon.
  8986 | D:10     | Found a staircase to the Orcish Mines.
  9016 | D:10     | Noticed a two-headed ogre
  9017 | D:10     | 9017 ||| RETREEEEATING.
  9018 | D:10     | 9018 ||| INVOKING Finesse.
  9028 | D:10     | Killed a two-headed ogre
  9028 | D:10     | Received a gift from Okawaru
  9029 | D:10     | Reached skill level 13 in Dodging
  9111 | D:10     | Noticed an elephant
  9112 | D:10     | 9112 ||| INVOKING Finesse.
  9124 | D:10     | Killed an elephant
  9125 | D:10     | Reached XP level 11. HP: 51/53 MP: 12/17
  9131 | D:10     | Noticed a death yak
  9141 | D:10     | Killed a death yak
  9172 | D:10     | Found a staircase to the Lair.
  9451 | D:10     | Noticed a two-headed ogre
  9452 | D:10     | 9452 ||| INVOKING Finesse.
  9457 | D:10     | Killed a two-headed ogre
  9578 | D:10     | 9578 ||| PLANNING LAIR
  9578 | D:10     | 9578 ||| DROPPING ring of positive energy.
  9603 | Lair:1   | Entered Level 1 of the Lair of Beasts
  9605 | Lair:1   | 9605 ||| STAIRDANCE
  9655 | Lair:1   | 9655 ||| STAIRDANCE
  9657 | D:10     | 9657 ||| RETREEEEATING.
  9658 | D:10     | 9658 ||| RETREEEEATING.
  9659 | D:10     | 9659 ||| RETREEEEATING.
  9660 | D:10     | 9660 ||| RETREEEEATING.
  9661 | D:10     | 9661 ||| RETREEEEATING.
  9821 | Lair:1   | 9821 ||| RETREEEEATING.
  9830 | Lair:1   | Reached skill level 12 in Ranged Weapons
  9833 | Lair:1   | Reached skill level 9 in Invocations
  9840 | Lair:1   | 9840 ||| FLEEEEING.
  9844 | Lair:1   | 9844 ||| FLEEEEING.
  9884 | Lair:1   | 9884 ||| READING scroll of enchant weapon.
  9884 | Lair:1   | 9884 ||| ENCHANTING +0 orcbow of flaming.
  9891 | Lair:1   | Found a shadowy altar of Dithmenos.
  9976 | Lair:1   | Received a gift from Okawaru
 10115 | Lair:1   | 10115 ||| RETREEEEATING.
 10116 | Lair:1   | 10116 ||| RETREEEEATING.
 10117 | Lair:1   | 10117 ||| RETREEEEATING.
 10118 | Lair:1   | 10118 ||| RETREEEEATING.
 10119 | Lair:1   | 10119 ||| RETREEEEATING.
 10120 | Lair:1   | 10120 ||| RETREEEEATING.
 10121 | Lair:1   | 10121 ||| RETREEEEATING.
 10122 | Lair:1   | 10122 ||| RETREEEEATING.
 10123 | Lair:1   | 10123 ||| RETREEEEATING.
 10124 | Lair:1   | 10124 ||| RETREEEEATING.
 10125 | Lair:1   | 10125 ||| RETREEEEATING.
 10126 | Lair:1   | 10126 ||| RETREEEEATING.
 10127 | Lair:1   | 10127 ||| RETREEEEATING.
 10128 | Lair:1   | 10128 ||| RETREEEEATING.
 10129 | Lair:1   | 10129 ||| RETREEEEATING.
 10130 | Lair:1   | 10130 ||| RETREEEEATING.
 10131 | Lair:1   | 10131 ||| RETREEEEATING.
 10132 | Lair:1   | 10132 ||| RETREEEEATING.
 10133 | Lair:1   | 10133 ||| RETREEEEATING.
 10134 | Lair:1   | 10134 ||| RETREEEEATING.
 10135 | Lair:1   | 10135 ||| RETREEEEATING.
 10136 | Lair:1   | 10136 ||| RETREEEEATING.
 10137 | Lair:1   | 10137 ||| RETREEEEATING.
 10138 | Lair:1   | 10138 ||| RETREEEEATING.
 10139 | Lair:1   | 10139 ||| RETREEEEATING.
 10140 | Lair:1   | 10140 ||| RETREEEEATING.
 10141 | Lair:1   | 10141 ||| RETREEEEATING.
 10142 | Lair:1   | 10142 ||| RETREEEEATING.
 10143 | Lair:1   | 10143 ||| RETREEEEATING.
 10144 | Lair:1   | 10144 ||| RETREEEEATING.
 10145 | Lair:1   | 10145 ||| RETREEEEATING.
 10146 | Lair:1   | 10146 ||| RETREEEEATING.
 10149 | Lair:1   | 10149 ||| INVOKING Finesse.
 10150 | Lair:1   | 10150 ||| INVOKING Finesse.
 10163 | Lair:1   | HP: 1/55 [black mamba (15)]
 10164 | Lair:1   | 10164 ||| READING scroll of teleportation.
 10164 | Lair:1   | Succumbed to a black mamba's poison

Levels and vault maps discovered:
D:1:      dpeg_arrival_leaves_temple_mockup, layout_loops_corners
D:2:      layout_loops_ring, hellmonk_ecumenical_altar_leap_of_faith,
          nicolae_the_louvre
D:3:      layout_loops_corners, portal_sewer_entry_a, uniq_ijyb
D:4:      layout_gridville, nicolae_qazlal_scattered_showers
D:5:      layout_loops_corners, grunt_temple_overflow_opulence,
          marbit_many_paths, minmay_temple_entry_hall,
          kennysheep_generic_room_14
D:6:      layout_cave_pools, serial_gnoll_camp, gnoll_camp_mini_hut,
          gnoll_camp_medium_02, gnoll_camp_mini_hut, gnoll_camp_mini_basic,
          gnoll_camp_medium_01, gnoll_camp_mini_loothouse
D:7:      nicolae_cairo_tiling_large, layout_cave_pools,
          mainiacjoe_overflow_alcove_1, chequers_serial_rivers_micro_a,
          minmay_misc_feat_ornament, uniq_joseph
D:8:      nicolae_whirlpool, layout_rooms, zin_angel, lemuel_crystal_altar,
          serial_bayou, serial_bayou_pond_d, serial_bayou_pond_a,
          serial_bayou_crossing, serial_bayou_ford_a, serial_bayou_lagoon_a,
          serial_bayou_pond_b, amcnicky_mini_pool_medium
D:9:      layout_gridville, minmay_stone_trees_medium,
          nicolae_transmutations_shop, minmay_st_funbox
D:10:     layout_roguey, nicolae_elyvilon_peaceful_grove, david_lair_generic,
          orc_0_dummy, hellmonk_ghost_big_iron
Temple:   jpeg_temple_clearing
Lair:1:   layout_chaotic_city, basic_altar

Skill      XL: |  1  2  3  4  5  6  7  8  9 10 11 |
---------------+----------------------------------+-----
Dodging        | 3 4 5 6 7 9 11 13 | 13.4
Ranged Weapons | 5 6 8 10 11 12 | 12.0
Fighting       | 2 3 4 5 |  5.0
Invocations    | 5 7 9 |  9.7
Armour         | 1 |  1.0
Stealth        | |  1.5

Action                     |  1- 3 |  4- 6 |  7- 9 | 10-12 || total
---------------------------+-------+-------+-------+-------++-------
   Fire: Shortbow          |    89 |   144 |   477 |    90 ||   800
         Orcbow            |       |       |       |   247 ||   247
 Invoke: Heroism           |       |       |     2 |       ||     2
         Finesse           |       |       |       |     4 ||     4
    Use: Scroll            |     4 |     8 |     8 |     4 ||    24
         Potion            |     1 |     1 |    10 |       ||    12
 Armour: Robe              |     5 |    13 |       |       ||    18
         Acid dragon scale |       |     3 |    70 |    17 ||    90
         Skin              |       |       |     9 |       ||     9
         Troll leather arm |       |       |       |    27 ||    27
  Dodge: Dodged            |    20 |    71 |   234 |   228 ||   553

Table legend:
 A = Non-vault XP
 B = Vault XP
 C = Vault XP percentage of total XP
 D = Non-vault monster count
 E = Vault monster count
 F = Vault count percentage of total count
                 A         B        C        D         E       F
            +---------+---------+-------+---------+---------+-------
      Total |   14093 |    4495 |  24.2 |     199 |      82 |  29.2
            +---------+---------+-------+---------+---------+-------
        D:1 |      15 |       0 |   0.0 |       8 |       0 |   0.0
        D:2 |      66 |       0 |   0.0 |      16 |       0 |   0.0
        D:3 |     136 |      57 |  29.5 |      16 |       6 |  27.3
        D:4 |     330 |       0 |   0.0 |      23 |       0 |   0.0
        D:5 |     449 |      79 |  15.0 |      23 |       3 |  11.5
        D:6 |    1142 |     977 |  46.1 |      17 |      35 |  67.3
        D:7 |    1443 |     567 |  28.2 |      27 |       2 |   6.9
        D:8 |    1017 |     831 |  45.0 |      17 |       7 |  29.2
        D:9 |     853 |       0 |   0.0 |      11 |       0 |   0.0
       D:10 |    4384 |    1662 |  27.5 |      16 |       4 |  20.0
     Lair:1 |    4258 |       0 |   0.0 |      25 |       0 |   0.0
      Sewer |       0 |     322 | 100.0 |       0 |      25 | 100.0
            +---------+---------+-------+---------+---------+-------
